EL
MONTGOMERY BISCUITS @ MIDLAND ROCKHOUNDS
07/13/2047
 
TOP OF THE 1ST
Montgomery Biscuits batting - Pitching for Midland RockHounds : RHP Mike Staus
Pitching: RHP Mike Staus
Batting: LHB Harris Vink 0-0: Swinging Strike
0-1: Ball
1-1: Ball
2-1: Ball
3-1: Called Strike
3-2: Strikes out swinging
Batting: RHB Khalil Walker 0-0: Ball
1-0: Ball
2-0: Foul Ball, location: 2F
2-1: Ball
3-1: Swinging Strike
3-2: Strikes out swinging
Batting: RHB Chris Thorson 0-0: Foul Ball, location: 2F
0-1: Ball
1-1: Foul Ball, location: 2F
1-2: Ball
2-2: Foul Ball, location: 2F
2-2: Ground out 5-3 (Groundball, 56S, EV 87.5 MPH)
Top of the 1st over - 0 runs, 0 hits, 0 errors, 0 left on base; Montgomery 0 - Midland 0
BOTTOM OF THE 1ST
Midland RockHounds batting - Pitching for Montgomery Biscuits : RHP Kyle Thomas
Pitching: RHP Kyle Thomas
Batting: LHB Tomas Segarra 0-0: Ball
1-0: Ball
2-0: Swinging Strike
2-1: Called Strike
2-2: Ball
3-2: Fly out, F9 (Flyball, 9LS, EV 96.9 MPH)
Batting: LHB Gregg Power 0-0: Ball
1-0: Ground out 6-3 (Groundball, 4MS, EV 87.5 MPH)
Batting: SHB Robert Santiago 0-0: Ball
1-0: Ball
2-0: Ball
3-0: Called Strike
3-1: SINGLE (Groundball, 6MD, EV 94.4 MPH)
Batting: RHB Scott Wiggs 0-0: Ball
1-0: Called Strike
1-1: SINGLE (Groundball, 56, EV 98.1 MPH)
Robert Santiago to second
Runner from 2nd tries for 3rd, SAFE, throw by LF made to third
Batting: RHB Jonathan Gallup 0-0: Called Strike
0-1: Swinging Strike
0-2: Ball
1-2: Strikes out swinging
Bottom of the 1st over - 0 runs, 2 hits, 0 errors, 2 left on base; Montgomery 0 - Midland 0
TOP OF THE 2ND
Montgomery Biscuits batting - Pitching for Midland RockHounds : RHP Mike Staus
Batting: LHB Darryl Gonnella 0-0: Called Strike
0-1: Swinging Strike
0-2: Ball
1-2: Ground out 6-3 (Groundball, 6M, EV 85.6 MPH)
Batting: RHB Jose Arriola 0-0: Called Strike
0-1: Ball
1-1: Called Strike
1-2: Fly out, F9 (Flyball, 9LS, EV 83.8 MPH)
Batting: RHB Freddy Mullen 0-0: Ball
1-0: Ball
2-0: Ball
3-0: Called Strike
3-1: SINGLE (Line Drive, 7S, EV 92.5 MPH)
Batting: SHB Wayne Hattan 0-0: Ball
1-0: Ball
2-0: Called Strike
2-1: Called Strike
2-2: Foul Ball, location: 2F
2-2: SINGLE (Line Drive, 34, EV 105.0 MPH)
Freddy Mullen to second
Batting: LHB Danny Hull 0-0: Called Strike
0-1: Swinging Strike
0-2: Ball
1-2: Strikes out swinging
Top of the 2nd over - 0 runs, 2 hits, 0 errors, 2 left on base; Montgomery 0 - Midland 0
BOTTOM OF THE 2ND
Midland RockHounds batting - Pitching for Montgomery Biscuits : RHP Kyle Thomas
Batting: LHB Alan Bianchard 0-0: Ball
1-0: Ground out 4-3 (Groundball, 4, EV 96.9 MPH)
Batting: LHB Nick Pacheco 0-0: Ball
1-0: Ball
2-0: Foul Ball, location: 2F
2-1: Called Strike
2-2: Foul Ball, location: 2F
2-2: Foul Ball, location: 2F
2-2: Hit by Pitch
Batting: RHB Matt Sherard 0-0: Called Strike
0-1: Foul Ball, location: 2F
0-2: Foul Ball, location: 2F
0-2: Ball
1-2: Ball
2-2: Foul Ball, location: 2F
2-2: Fly out, F7 (Line Drive, 7S, EV 96.2 MPH)
Batting: LHB Jose Mojica 0-0: Ball
1-0: Called Strike
1-1: Ball
2-1: Foul Ball, location: 2F
2-2: DOUBLE (Line Drive, 9LS, EV 110.6 MPH)
Nick Pacheco to third
Runner from 3rd tries for Home, throw by RF and OUT! 9-4-2
Bottom of the 2nd over - 0 runs, 1 hit, 0 errors, 1 left on base; Montgomery 0 - Midland 0
TOP OF THE 3RD
Montgomery Biscuits batting - Pitching for Midland RockHounds : RHP Mike Staus
Batting: RHB Isaiah Easter 0-0: Foul Ball, location: 2F
0-1: Ground out 6-3 (Groundball, 6, EV 103.8 MPH)
Batting: LHB Harris Vink 0-0: Ball
1-0: Ball
2-0: SINGLE (Flyball, 56D, EV 96.9 MPH)
Batting: RHB Khalil Walker 0-0: Called Strike
Harris Vink steals 2nd base
0-1: Ball
1-1: Ball
2-1: Foul Ball, location: 2F
2-2: Foul Ball, location: 2F
2-2: Fly out, F9 (Flyball, 9, EV 81.2 MPH)
Batting: RHB Chris Thorson 0-0: Called Strike
0-1: Called Strike
0-2: Ball
1-2: Ball
2-2: Ground out 6-3 (Groundball, 56D, EV 79.4 MPH)
Top of the 3rd over - 0 runs, 1 hit, 0 errors, 1 left on base; Montgomery 0 - Midland 0
BOTTOM OF THE 3RD
Midland RockHounds batting - Pitching for Montgomery Biscuits : RHP Kyle Thomas
Batting: LHB Tomas Segarra 0-0: Ball
1-0: Called Strike
1-1: Ball
2-1: Foul Ball, location: 2F
2-2: Strikes out swinging
Batting: LHB Gregg Power 0-0: Foul Ball, location: 2F
0-1: Swinging Strike
0-2: Ball
1-2: Ball
2-2: Ball
3-2: Ground out 4-3 (Groundball, 4, EV 86.2 MPH)
Batting: SHB Robert Santiago 0-0: Called Strike
0-1: Swinging Strike
0-2: Foul Ball, location: 2F
0-2: Foul Ball, location: 2F
0-2: Foul Ball, location: 2F
0-2: Ball
1-2: Ball
2-2: Strikes out looking
Bottom of the 3rd over - 0 runs, 0 hits, 0 errors, 0 left on base; Montgomery 0 - Midland 0
TOP OF THE 4TH
Montgomery Biscuits batting - Pitching for Midland RockHounds : RHP Mike Staus
Batting: LHB Darryl Gonnella 0-0: Ball
1-0: Called Strike
1-1: Ball
2-1: Foul Ball, location: 2F
2-2: Fly out, F9 (Line Drive, 89M, EV 100.6 MPH)
Batting: RHB Jose Arriola 0-0: Called Strike
0-1: Ball
1-1: Foul Ball, location: 2F
1-2: Ground out 6-3 (Groundball, 6, EV 91.2 MPH)
Batting: RHB Freddy Mullen 0-0: Foul Ball, location: 2F
0-1: Swinging Strike
0-2: Strikes out swinging
Top of the 4th over - 0 runs, 0 hits, 0 errors, 0 left on base; Montgomery 0 - Midland 0
BOTTOM OF THE 4TH
Midland RockHounds batting - Pitching for Montgomery Biscuits : RHP Kyle Thomas
Batting: RHB Scott Wiggs 0-0: Ball
1-0: Called Strike
1-1: Foul Ball, location: 2F
1-2: Ball
2-2: Strikes out swinging
Batting: RHB Jonathan Gallup 0-0: SINGLE (Groundball, 5D, EV 106.9 MPH)
Batting: LHB Alan Bianchard 0-0: Ball
1-0: SINGLE (Groundball, 34D, EV 98.8 MPH)
Jonathan Gallup to second
Runner from 2nd tries for 3rd, SAFE, throw by RF made to third
Batting: LHB Nick Pacheco 0-0: Ball
1-0: Called Strike
1-1: Ball
2-1: Ball
3-1: Foul Ball, location: 2F
3-2: Foul Ball, location: 2F
3-2: Ground out 4-3 (Groundball, 34S, EV 87.5 MPH)
Jonathan Gallup scores
Alan Bianchard to second
Batting: RHB Matt Sherard 0-0: Foul Ball, location: 2F
0-1: Foul Ball, location: 2F
0-2: Ball
1-2: Ball
2-2: Foul Ball, location: 2F
2-2: Ball
3-2: Base on Balls
Batting: LHB Jose Mojica 0-0: Ground out 4-3 (Groundball, 4, EV 80.6 MPH)
Bottom of the 4th over - 1 run, 2 hits, 0 errors, 2 left on base; Montgomery 0 - Midland 1
TOP OF THE 5TH
Montgomery Biscuits batting - Pitching for Midland RockHounds : RHP Mike Staus
Batting: SHB Wayne Hattan 0-0: Ball
1-0: Ball
2-0: Ball
3-0: Base on Balls
Batting: LHB Danny Hull 0-0: Fly out, F7 (Flyball, 7, EV 78.8 MPH)
Batting: RHB Isaiah Easter 0-0: Called Strike
0-1: Foul Ball, location: 2F
0-2: Strikes out swinging
Batting: LHB Harris Vink 0-0: Called Strike
0-1: Swinging Strike
0-2: Strikes out swinging
Top of the 5th over - 0 runs, 0 hits, 0 errors, 1 left on base; Montgomery 0 - Midland 1
BOTTOM OF THE 5TH
Midland RockHounds batting - Pitching for Montgomery Biscuits : RHP Kyle Thomas
Batting: LHB Tomas Segarra 0-0: Called Strike
0-1: Ball
1-1: Ball
2-1: Ball
3-1: Swinging Strike
3-2: Base on Balls
Batting: LHB Gregg Power 0-0: Ball
1-0: Called Strike
1-1: Ball
2-1: Foul Ball, location: 2F
2-2: Fly out, F7 (Flyball, 7S, EV 75.0 MPH)
Batting: SHB Robert Santiago 0-0: Ball
Tomas Segarra is caught stealing 2nd base 2-6
1-0: Ball
2-0: Fly out, F9 (Flyball, 9S, EV 96.2 MPH)
Bottom of the 5th over - 0 runs, 0 hits, 0 errors, 0 left on base; Montgomery 0 - Midland 1
TOP OF THE 6TH
Montgomery Biscuits batting - Pitching for Midland RockHounds : RHP Mike Staus
Batting: RHB Khalil Walker 0-0: Ball
1-0: Ball
2-0: Ball
3-0: Base on Balls
Batting: RHB Chris Thorson 0-0: Ball
1-0: Grounds into double play, 4-6-3 (Groundball, 4, EV 81.2 MPH)
Batting: LHB Darryl Gonnella 0-0: Ball
1-0: Foul Ball, location: 2F
1-1: Ball
2-1: Foul Ball, location: 2F
2-2: Ball
3-2: Foul Ball, location: 2F
3-2: Base on Balls
Batting: RHB Jose Arriola 0-0: Ball
Darryl Gonnella steals 2nd base
1-0: Ball
2-0: Ball
3-0: Base on Balls
Batting: RHB Freddy Mullen 0-0: 3-RUN HOME RUN (Flyball, 78XD, EV 106.9 MPH), Distance : 439 ft
Batting: SHB Wayne Hattan 0-0: Foul Ball, location: 2F
0-1: Ball
1-1: Ball
2-1: Foul Ball, location: 2F
2-2: Foul Ball, location: 2F
2-2: Foul Ball, location: 2F
2-2: Ball
3-2: SINGLE (Groundball, 4MD, EV 103.8 MPH)
Pitching: RHP Alfonso Alvarado
Batting: LHB Danny Hull 0-0: Fly out, F8 (Flyball, 8RXD, EV 86.9 MPH)
Top of the 6th over - 3 runs, 2 hits, 0 errors, 1 left on base; Montgomery 3 - Midland 1
BOTTOM OF THE 6TH
Midland RockHounds batting - Pitching for Montgomery Biscuits : RHP Kyle Thomas
Pitching: RHP David Breaux
Batting: RHB Scott Wiggs 0-0: Fly out, F9 (Line Drive, 89M, EV 85.6 MPH)
Batting: RHB Jonathan Gallup 0-0: Ball
1-0: Foul Ball, location: 2F
1-1: Ball
2-1: SOLO HOME RUN (Flyball, 9D, EV 98.8 MPH), Distance : 380 ft
Batting: LHB Alan Bianchard 0-0: Ball
1-0: Ball
2-0: Ball
3-0: Base on Balls
Batting: LHB Nick Pacheco 0-0: Ball
1-0: Called Strike
1-1: Ball
2-1: Foul Ball, location: 2F
2-2: Strikes out swinging
Batting: RHB Matt Sherard 0-0: Ball
Pickoff Throw by Catcher to First - Out!
Bottom of the 6th over - 1 run, 1 hit, 0 errors, 0 left on base; Montgomery 3 - Midland 2
TOP OF THE 7TH
Montgomery Biscuits batting - Pitching for Midland RockHounds : RHP Alfonso Alvarado
Batting: RHB Isaiah Easter 0-0: Ball
1-0: Foul Ball, location: 2F
1-1: Swinging Strike
1-2: Ball
2-2: Ball
3-2: Strikes out swinging
Batting: LHB Harris Vink 0-0: SINGLE (Groundball, 34S, EV 100.0 MPH)
Batting: RHB Khalil Walker 0-0: Ball
1-0: Foul Ball, location: 2F
1-1: Foul Ball, location: 2F
1-2: SINGLE (Line Drive, 9S, EV 103.1 MPH)
Harris Vink to second
Runner from 2nd tries for 3rd, SAFE, throw by RF made to third
Batting: RHB Chris Thorson 0-0: Called Strike
Khalil Walker steals 2nd base
0-1: Ball
1-1: Ball
2-1: Ball
3-1: Swinging Strike
3-2: Base on Balls
Batting: LHB Darryl Gonnella 0-0: Ball
1-0: Ball
2-0: Ball
3-0: Called Strike
3-1: Called Strike
3-2: Fly out, F8 (Line Drive, 8LM, EV 107.5 MPH)
Runner from 3rd tags up, SCORES, throw by CF
Batting: RHB Jose Arriola 0-0: Called Strike
0-1: Called Strike
0-2: Strikes out swinging
Top of the 7th over - 1 run, 2 hits, 0 errors, 2 left on base; Montgomery 4 - Midland 2
BOTTOM OF THE 7TH
Midland RockHounds batting - Pitching for Montgomery Biscuits : RHP David Breaux
Batting: RHB Matt Sherard 0-0: Called Strike
0-1: Ball
1-1: Foul Ball, location: 2F
1-2: Foul Ball, location: 2F
1-2: Ball
2-2: Ball
3-2: Ground out 5-3 (Groundball, 5S, EV 81.9 MPH)
Batting: LHB Jose Mojica 0-0: Ball
1-0: Ball
2-0: Ground out 5-3 (Groundball, 56, EV 103.1 MPH)
Batting: LHB Tomas Segarra 0-0: Swinging Strike
0-1: Ball
1-1: Foul Ball, location: 2F
1-2: Ball
2-2: Ball
3-2: Fly out, F8 (Flyball, 8RM, EV 93.8 MPH)
Bottom of the 7th over - 0 runs, 0 hits, 0 errors, 0 left on base; Montgomery 4 - Midland 2
TOP OF THE 8TH
Montgomery Biscuits batting - Pitching for Midland RockHounds : RHP Alfonso Alvarado
Pitching: RHP Tony Contreras
Batting: RHB Freddy Mullen 0-0: Ball
1-0: Ball
2-0: Ball
3-0: Base on Balls
Batting: SHB Wayne Hattan 0-0: Ball
1-0: Ball
2-0: Called Strike
2-1: Foul Ball, location: 2F
2-2: Foul Ball, location: 2F
2-2: Ball
3-2: Foul Ball, location: 2F
3-2: Foul Ball, location: 2F
3-2: Foul Ball, location: 2F
3-2: Base on Balls
Freddy Mullen to second
Batting: LHB Danny Hull 0-0: Bunt missed!
0-1: Sac Bunt to 13S - play at first, batter OUT! 1-4
Freddy Mullen to third
Wayne Hattan to second
Batting: RHB Isaiah Easter 0-0: SINGLE (Line Drive, 9LS, EV 106.9 MPH)
Freddy Mullen scores
Wayne Hattan to third
Batting: LHB Harris Vink 0-0: Called Strike
0-1: Called Strike
0-2: Fielders Choice at 2nd, 1-6 (Groundball, 13S, EV 70.6 MPH)
Batting: RHB Khalil Walker 0-0: Ball
1-0: Swinging Strike
1-1: Called Strike
1-2: Foul Ball, location: 2F
1-2: Foul Ball, location: 2F
1-2: Strikes out swinging
Top of the 8th over - 1 run, 1 hit, 0 errors, 2 left on base; Montgomery 5 - Midland 2
BOTTOM OF THE 8TH
Midland RockHounds batting - Pitching for Montgomery Biscuits : RHP David Breaux
Pitching: RHP Luis Cubero
Batting: LHB Gregg Power 0-0: Foul Ball, location: 2F
0-1: DOUBLE (Groundball, 3L, EV 107.5 MPH)
Batting: SHB Robert Santiago 0-0: Foul Ball, location: 2F
0-1: SINGLE (Line Drive, 6D, EV 98.8 MPH)
Gregg Power to third
Batting: RHB Scott Wiggs 0-0: Called Strike
0-1: Swinging Strike
0-2: Foul Ball, location: 2F
0-2: Ball
1-2: Strikes out swinging
Batting: RHB Jonathan Gallup 0-0: Called Strike
0-1: Called Strike
0-2: Ball
1-2: Ball
2-2: Ball
3-2: Foul Ball, location: 2F
3-2: Base on Balls
Robert Santiago to second
Batting: LHB Alan Bianchard 0-0: Foul Ball, location: 2F
0-1: Ball
1-1: Called Strike
1-2: Foul Ball, location: 2F
1-2: Ball
2-2: Grounds into fielders choice 4-2 (Groundball, 34, EV 87.5 MPH)
Robert Santiago to third
Jonathan Gallup to second
Pitching: LHP Chris Polite
Pinch Hitting: RHB Jeff Wemp 0-0: Called Strike
0-1: Ground out 6-3 (Groundball, 56D, EV 97.5 MPH)
Bottom of the 8th over - 0 runs, 2 hits, 0 errors, 3 left on base; Montgomery 5 - Midland 2
TOP OF THE 9TH
Montgomery Biscuits batting - Pitching for Midland RockHounds : RHP Tony Contreras
Pitching: LHP David Noffsinger
Now at 1B: Tom Raupp
Batting: RHB Chris Thorson 0-0: Called Strike
0-1: Swinging Strike
0-2: Strikes out swinging
Batting: LHB Darryl Gonnella 0-0: Ball
1-0: Foul Ball, location: 2F
1-1: Called Strike
1-2: Fly out, F7 (Flyball, 78M, EV 72.5 MPH)
Batting: RHB Jose Arriola 0-0: Ball
1-0: Ground out 1-3 (Groundball, 15S, EV 67.5 MPH)
Top of the 9th over - 0 runs, 0 hits, 0 errors, 0 left on base; Montgomery 5 - Midland 2
BOTTOM OF THE 9TH
Midland RockHounds batting - Pitching for Montgomery Biscuits : LHP Chris Polite
Pitching: RHP Cody Wilharm
Batting: RHB Matt Sherard 0-0: Swinging Strike
0-1: Called Strike
0-2: Ball
1-2: SINGLE (Line Drive, 6D, EV 93.8 MPH)
Batting: LHB Jose Mojica 0-0: Ball
1-0: Ball
2-0: Grounds into double play, 4-6-3 (Groundball, 34D, EV 99.4 MPH)
Batting: LHB Tomas Segarra 0-0: Called Strike
0-1: Swinging Strike
0-2: Ball
1-2: Strikes out swinging
Bottom of the 9th over - 0 runs, 1 hit, 0 errors, 0 left on base; Montgomery 5 - Midland 2
Thursday, December 15th , 2022 - OOTP Baseball 23.9 Build 102